Workbook

Sheet 認定申請書５号イー③創業緩和
B1: 様式第５－（イ）－③ | AG1: 令和８年４月版
B3: 認定権者記載欄
A7: 中小企業信用保険法第2条第5項第5号の規定による認定申請書（イ－③）
AB9: 令和 | AF9: 年 | AI9: 月 | AL9: 日
B10: （あて先）川 崎 市 長
Q12: 申請者 住 所
Q15: 氏 名
Q16: (名称及び代表者の氏名)
A18: 私は表に記載する業を営んでいるが、下記のとおり売上高等の減少が生じているため、経営の安定に支障が生じておりますので、中小企業信用保険法第2条第5項第5号の規定に基づき認定されるようお願いします。
B21: （表）
B22: =認定申請書添付書類５号イー③創業緩和!B9 -> 0 | E22: =認定申請書添付書類５号イー③創業緩和!G9 | L22: =認定申請書添付書類５号イー③創業緩和!B10 -> 0 | O22: =認定申請書添付書類５号イー③創業緩和!G10 | U22: =認定申請書添付書類５号イー③創業緩和!B11 -> 0 | X22: =認定申請書添付書類５号イー③創業緩和!G11 | AD22: =認定申請書添付書類５号イー③創業緩和!B12 -> 0 | AG22: =認定申請書添付書類５号イー③創業緩和!G12
B23: ※表には営んでいる事業が属する業種（日本標準産業分類の細分類番号と細分類業種名）を全て記載（当該業種は全て指定業種であることが必要）。当該業種が複数ある場合には、その中で、最近１年間で最も売上高等が大きい事業が属する業種を左上の太枠に記載。
U27: 記
B29: １ 事業開始年月日 | AF29: 年 | AI29: 月 | AL29: 日
B31: ２ 売上高等
F32: Ｂ－Ａ | I32: ×100
F33: Ｂ | AA33: 減少率 | AH33: ％ | AI33: （実績）
F35: Ａ：申込時点における最近１か月間の売上高等
E36: （ | F36: 令和 | K36: 年 | N36: 月 | O36: ) | AI36: 円 | AJ36: （注２）
F38: Ｂ：Ａの直前３か月間の月平均売上高等
E39: （ | F39: 令和 | K39: 年 | N39: 月 | O39: ～ | P39: 令和 | T39: 年 | W39: 月 | X39: ） | AI39: 円 | AJ39: （注２）
X42: 川崎市証明経融第 | AL42: 号
B44: 令和 | G44: 年 | J44: 月 | M44: 日
B46: 申請のとおり、相違ないことを認定します。
A47: （注）信用保証協会への申込期間：令和 | S47: 年 | V47: 月 | Y47: 日から令和 | AF47: 年 | AI47: 月 | AL47: 日
X49: 川崎市長 福 田 紀 彦
B52: （注１）本様式は、１つの指定業種に属する事業のみを営んでいる場合、又は営んでいる複数の事業が全て指定業種 に属する場合に使用する。 （注２）企業全体の売上高等を記載。 （留意事項） ① 本様式は、業歴１年３か月未満の場合に使用する。 ② 本認定とは別に、金融機関及び信用保証協会による金融上の審査があります。 ③ 市町村長又は特別区長から認定を受けた日から３０日以内に金融機関又は信用保証協会に対して、保証の申込み を行うことが必要です。

Sheet 認定申請書添付書類５号イー③創業緩和
AA1: 令和８年４月版
A2: 中小企業信用保険法第2条第5項第5号 認定申請書イ－③の添付書類
B4: 申請者名： | F4: =(認定申請書５号イー③創業緩和!T14)&" "&(認定申請書５号イー③創業緩和!T15)
B5: （名称及び代表者の氏名）
A7: ・営んでいる事業が属する業種について
B8: 細分類番号 | G8: 業種 | AG8: 単位
G9: =IFERROR(VLOOKUP(B9,日本産業分類!$A$6:$B$1174,2,FALSE),"") | AG9: 円
G10: =IFERROR(VLOOKUP(B10,日本産業分類!$A$6:$B$1174,2,FALSE),"") | AG10: 千円
G11: =IFERROR(VLOOKUP(B11,日本産業分類!$A$6:$B$1174,2,FALSE),"")
G12: =IFERROR(VLOOKUP(B12,日本産業分類!$A$6:$B$1174,2,FALSE),"")
G13: =IFERROR(VLOOKUP(B13,日本産業分類!$A$6:$B$1174,2,FALSE),"")
A15: ・最近１か月の売上高
A16: （ | B16: 令和 | F16: 年 | I16: 月 | J16: ）
F17: 円
F18: ↑千円単位の場合は空白に「千」と記載
A19: ・Aの直前３か月間の企業全体の売上高［実績］
A21: （ | B21: 令和 | F21: 年 | G21: ） | H21: （ | K21: 月 | L21: ） | M21: （ | P21: 月 | Q21: ） | R21: （ | U21: 月 | V21: ）
B22: 全体の売上高等 | L22: =$F$17 -> 円 | Q22: =$F$17 -> 円 | V22: =$F$17 -> 円
K24: =H22+M22+R22 -> 0 | O24: =$F$17 -> 円
A26: ・Aの直前３か月間の売上高の平均
E27: =K24 -> 0 | I27: =$F$17 -> 円
P28: ＝ | Q28: =E27/B30 -> 0 | U28: =$F$17 -> 円
B30: 3
A32: ・直前３か月間に対する最近１か月間の売上高の減少率
B33: =Q28 -> 0 | F33: =$F$17 -> 円 | G33: － | H33: =B17 -> 0 | L33: =$F$17 -> 円 | Q33: 減少率
M34: × | N34: 100 | P34: ＝ | Q34: =IFERROR(ROUNDDOWN((B33-H33)/E36*100,1),"") | V34: ％ | X34: ≧ | Y34: 0.05
E36: =Q28 -> 0 | I36: =$F$17 -> 円
B49: 申請内容は事実に相違ありません。
B51: 令和 | F51: 年 | H51: 月 | J51: 日
B52: 法人名
B54: 代表者名
B56: ※個人事業主の場合は屋号と氏名

Sheet 日本産業分類
A2: 日本産業分類
A5: 分類番号 | B5: 業種
A6: 0113 | B6: 野菜作農業（きのこ類の栽培を含む。）（製造加工設備を有するもやし栽培農業、作業所内において工場的生産設備（最小限温度又は湿度調節装置及び育成管理室を有することが必要。以下同じ。）をもって生産及び卸売する菌床栽培方式のきのこ栽培農業、並びに作業所内において工場的生産設備をもって生産及び卸売する苗床栽培方式のかいわれ大根栽培農業に限る。）
A7: 0116 | B7: 工芸農作物農業（製造加工設備を有する茶作農業であって、荒茶及び仕上茶の製造を行っているものに限る。）
A8: 0124 | B8: 養鶏業（人工ふ卵設備を有し、鶏卵の人工ふ化を行うものに限る。）
A9: 0126 | B9: 養蚕農業（製造加工設備を有する蚕種製造業に限る。）
A10: 0134 | B10: 畜産サービス業（獣医業を除く。）（製造加工設備を有する蚕種製造請負業、てい鉄修理業、人工ふ卵設備を有し鶏卵の人工ふ化を行うふ卵業、家畜貸付業に限る。）
A11: 0141 | B11: 園芸サービス業
A12: 0221 | B12: 素材生産業
A13: 0231 | B13: 製薪炭業（製造加工設備を有するものに限る。）
A14: 0242 | B14: 素材生産サービス業
A15: 0249 | B15: その他の林業サービス業（製造加工設備を有する薪請負製造業、炭焼請負業及び炭賃焼業に限る。）
A16: 0414 | B16: 真珠養殖業（養殖から加工までを一貫作業として行っているものに限る。）
... A1174: 9599 | B1174: 他に分類されないサービス業
